 Dungeon Crawl Stone Soup version 0.15.0-31-geb66e34 (console) character file.

3741 gw the Basher (level 9, -2/82 HPs)
             Began as a Deep Dwarf Gladiator on Sept 14, 2014.
             Was an Elder of Makhleb.
             Slain by a killer bee (5 damage)
             ... on Level 9 of the Dungeon.
             The game lasted 00:07:46 (8275 turns).

gw the Basher (Deep Dwarf Gladiator)                Turns: 8275, Time: 00:07:46

HP  -2/82        AC 14     Str 18      XL: 9   Next: 93%
MP   7/7         EV  5     Int 10      God: Makhleb [****..]
Gold 0           SH  0     Dex 16      Spells:  0 memorised,  8 levels left

rFire  + . .     SeeInvis .     a - +0 great mace
rCold  + . .     Clarity  .     t - +0 plate armour
rNeg   . . .     rCorr    .     (no shield)
rPois  .         rRot     .     c - +0 helmet
rElec  .         Spirit   .     (no cloak)
SustAb .         Warding  .     (no gloves)
rMut   .         Stasis   .     (no boots)
Gourm  .                        (no amulet)
MR     +....                    i - ring of protection from fire
                                x - ring of protection from cold

@: lethally poisoned, non-regenerating, somewhat resistant to hostile
enchantments, extremely unstealthy
A: damage resistance, recharge devices, sense surroundings 2, slow healing 3
a: Device Recharging, Minor Destruction, Lesser Servant of Makhleb, Major
Destruction, Renounce Religion


You were on level 9 of the Dungeon.
You worshipped Makhleb.
Makhleb was greatly pleased with you.
You were not hungry.

You visited 2 branches of the dungeon, and saw 10 of its levels.

Inventory:

Hand weapons
 a - a +0 great mace (weapon)
Missiles
 d - 4 throwing nets
 k - 28 bolts
Armour
 c - a +0 helmet (worn)
 t - a +0 plate armour (worn)
Magical devices
 e - a wand of heal wounds (2)
 m - a wand of heal wounds (0)
 q - a wand of polymorph (2)
 v - a wand of fire (7)
Comestibles
 b - 2 fruits
 f - 9 bread rations
 g - 2 royal jellies
 j - 5 meat rations
 n - 2 beef jerkies
Scrolls
 l - a scroll of remove curse
 p - 8 scrolls of identify
Jewellery
 i - a ring of protection from fire (right hand)
 x - a ring of protection from cold (left hand)
Potions
 h - 3 potions of curing
 s - a potion of lignification


   Skills:
 + Level 6.3 Fighting
 * Level 9.6 Maces & Flails
 - Level 1.7 Throwing
 + Level 7.1 Armour
 - Level 3.2 Dodging
 + Level 7.3 Invocations


You had 8 spell levels left.
You didn't know any spells.

Dungeon Overview and Level Annotations

Branches:
Dungeon (9/15)             Temple (1/1) D:4
    Orc: D:9-12        Lair: D:8-11

Altars:
Ashenzari
Cheibriados
Dithmenos
Elyvilon
Fedhas
Kikubaaqudgha
Makhleb
Nemelex Xobeh
Okawaru
Qazlal
Sif Muna
Trog
Vehumet
Xom
Yredelemnul
Zin
The Shining One

Shops:
D:5 *


Innate Abilities, Weirdness & Mutations

You are resistant to damage.
You can recharge devices by infusing magical energy.
You passively map the area around you.
You do not heal naturally.


Message History

Your smoke demon barely misses the killer bee.
The killer bee stings your smoke demon.
The killer bee stings you but does no damage.
The killer bee stings you!
Drink which item? (? for menu, Esc to quit)
You feel better. The killer bee stings you.
You are poisoned.
The killer bee poisons you!
The killer bee stings you but does no damage.
The killer bee stings you!
The killer bee barely misses your smoke demon.
The killer bee stings you but does no damage. x3
Your smoke demon closely misses the killer bee.
Your smoke demon barely misses the killer bee.
Your smoke demon closely misses the killer bee.
The killer bee stings your smoke demon but does no damage.
The killer bee stings you.
You are more poisoned.
The killer bee poisons you! The killer bee stings you.
You die...

### ### * * * * ###.####.#
* , , ,..#......# *, *
#.#.####.# #.#.# #.# #.#.#
#.# * #.#.####.# ,
#######.#....#.# #
*#gyy....####.#.# * *
#####.##yyy.........#.###
,,
.......ayy...............
,#########y.######.#%##.###
**......####.!####
#.#....### *
...............###.####...#
...####..$3....#..!...#...#
, #y#.y%...#......#...#
#y##......#......#...#


You could see a queen bee, a worker ant, 8 killer bees and a friendly smoke
demon.

Table legend:
 A = Turns spent in this place as a percentage of turns spent in the entire game.
 B = Non-inter-level travel turns spent in this place as a percentage of non-inter-level travel turns spent in the entire game.
 C = Inter-level travel turns spent in this place as a percentage of turns spent in this place.
 D = Turns resting spent in this place as a percentage of non-inter-level travel turns spent in this place.
 E = Turns spent auto-exploring this place as a percentage of non-inter-level travel turns spent in this place.
 F = Non-inter-level travel turns spent in this place divided by the number of levels of this place that you've seen.
                   A       B       C       D       E      F
               +-------+-------+-------+-------+-------+----------------------
         Total | 100.0 | 100.0 |   1.1 |   0.1 |  10.2 | 410.4
       Dungeon |  98.3 |  98.3 |   1.1 |   0.1 |  10.1 | 448.3
        Temple |   1.7 |   1.7 |   1.4 |   0.0 |  17.4 |  69.0
               +-------+-------+-------+-------+-------+----------------------

Table legend:
 A = Kills in this place as a percentage of kills in entire the game.
 B = Kills by you in this place as a percentage of kills by you in the entire game.
 C = Kills by friends in this place as a percentage of kills by friends in the entire game.
 D = Other kills in this place as a percentage of other kills in the entire game.
 E = Experience gained in this place as a percentage of experience gained in the entire game.
 F = Experience gained in this place divided by the number of levels of this place that you have seen.
                   A       B       C       D       E      F
               +-------+-------+-------+-------+-------+----------------------
         Total | 100.0 | 100.0 | 100.0 | 100.0 | 100.0 | 534.5
       Dungeon | 100.0 | 100.0 | 100.0 | 100.0 | 100.0 | 593.9
               +-------+-------+-------+-------+-------+----------------------

Vanquished Creatures
  Prince Ribbit (D:5)
  A deep elf mage (D:9)
  A hippogriff (D:9)
  Edmund (D:5)
  2 orc warriors (D:7)
  2 sky beasts
  An ice beast (D:6)
  3 ogres (D:8)
  A crocodile (D:9)
  3 centaurs
  A big kobold (D:7)
  Blork the orc (D:5)
  2 scorpions
  5 wights (D:6)
  8 killer bees (D:9)
  A goliath beetle (D:7)
  2 orc wizards
  A gnoll shaman (D:7)
  2 jellies
  6 worker ants
  A quasit (D:8)
  2 hounds (D:4)
  2 orc priests (D:6)
  3 iguanas
  Natasha (twice) (D:3)
  Ijyb (D:6)
  An orc zombie (D:9)
  16 adders
  24 gnolls
  A shadow imp (D:7)
  4 worms
  A giant mite (D:5)
  2 iguana skeletons
  2 iguana zombies
  An adder skeleton (D:4)
  6 giant geckos
  An ooze (D:1)
  30 orcs
  5 ball pythons
  A bat zombie (D:5)
  6 giant cockroaches
  12 goblins
  16 hobgoblins
  9 jackals
  13 kobolds
  4 quokkas
  16 bats
  5 giant newts
  A gnoll skeleton (D:4)
  A goblin skeleton (D:4)
  A hobgoblin skeleton (D:5)
  A hobgoblin zombie (D:7)
  A kobold skeleton (D:4)
  A quokka zombie (D:6)
  14 rats
  A rat skeleton (D:5)
  A ballistomycete (D:7)
254 creatures vanquished.

Vanquished Creatures (collateral kills)
  2 killer bees (D:9)
  An adder (D:9)
  An orc (D:9)
4 creatures vanquished.

Vanquished Creatures (others)
  A deep elf mage (D:9)
  A crimson imp (D:9)
  An orc wizard (D:6)
  An ufetubus (D:9)
  An orc (D:9)
  A giant spore (D:7)
  A ballistomycete (D:7)
7 creatures vanquished.

Grand Total: 265 creatures vanquished

Notes
Turn   | Place    | Note
--------------------------------------------------------------
     0 | D:1      | gw, the Deep Dwarf Gladiator, began the quest for the Orb.
     0 | D:1      | Reached XP level 1. HP: 19/19 MP: 1/1
   187 | D:1      | Reached XP level 2. HP: 17/26 MP: 2/2
   228 | D:1      | Reached skill level 1 in Armour
   692 | D:2      | Reached XP level 3. HP: 29/33 MP: 3/3
  1165 | D:2      | Reached XP level 4. HP: 32/40 MP: 4/4
  1173 | D:2      | Reached skill level 4 in Maces & Flails
  1226 | D:2      | HP: 2/40 [gnoll/halberd (4)]
  1239 | D:2      | Reached XP level 5. HP: 43/48 MP: 4/4
  1873 | D:3      | Reached skill level 5 in Maces & Flails
  2111 | D:3      | Found a sparkling altar of Nemelex Xobeh.
  2223 | D:3      | Noticed Natasha
  2233 | D:3      | Killed Natasha
  2233 | D:3      | Reached XP level 6. HP: 42/56 MP: 3/3
  2322 | D:3      | Noticed Natasha
  2325 | D:3      | Killed Natasha
  2655 | D:3      | Found a glowing silver altar of Zin.
  2853 | D:4      | Found a staircase to the Ecumenical Temple.
  2862 | Temple   | Entered the Ecumenical Temple
  2908 | Temple   | Became a worshipper of Makhleb the Destroyer
  2971 | D:4      | Found a shimmering altar of Xom.
  3220 | D:4      | Reached skill level 1 in Invocations
  3526 | D:4      | Reached XP level 7. HP: 30/63 MP: 4/4
  3776 | D:4      | Acquired Makhleb's first power
  4081 | D:5      | Entered Level 5 of the Dungeon
  4081 | D:5      | Found Uwaxabog's General Store.
  4180 | D:5      | Noticed Blork the orc
  4218 | D:5      | Killed Blork the orc
  4218 | D:5      | Reached skill level 6 in Maces & Flails
  4258 | D:5      | Noticed Edmund
  4287 | D:5      | Killed Edmund
  4612 | D:5      | Noticed Prince Ribbit
  4875 | D:5      | Reached XP level 8. HP: 38/73 MP: 2/4
  5342 | D:5      | Killed Prince Ribbit
  5342 | D:5      | Reached skill level 7 in Maces & Flails
  5342 | D:5      | Reached skill level 5 in Armour
  5625 | D:6      | Acquired Makhleb's second power
  5625 | D:6      | Reached skill level 5 in Fighting
  5634 | D:6      | Noticed Ijyb
  5649 | D:6      | Killed Ijyb
  5649 | D:6      | Reached skill level 5 in Invocations
  6043 | D:6      | Reached skill level 8 in Maces & Flails
  6733 | D:7      | Acquired Makhleb's third power
  6836 | D:7      | Gained mutation: You passively map the area around you. [level up]
  6836 | D:7      | Reached XP level 9. HP: 33/81 MP: 7/7
  6971 | D:7      | Found a shadowy altar of Dithmenos.
  7346 | D:7      | Acquired Makhleb's fourth power
  7727 | D:8      | Reached skill level 9 in Maces & Flails
  8275 | D:9      | HP: 3/82 [killer bee (2)]
  8275 | D:9      | Slain by a killer bee

Action                   |  1- 3 |  4- 6 |  7- 9 || total
-------------------------+-------+-------+-------++-------
Melee: Flail             |   105 |   268 |       ||   373
       Great mace        |       |    38 |   541 ||   579
Invok: Minor Destruction |       |       |   123 ||   123
       Lesser Servant of |       |       |     4 ||     4
       Major Destruction |       |       |     2 ||     2
 Abil: Device Recharging |       |     4 |     9 ||    13
Evoke: Wand              |     1 |    17 |    43 ||    61
  Use: Potion            |     3 |     1 |    12 ||    16
       Scroll            |       |     3 |     7 ||    10
 Stab: Distracted        |       |       |     2 ||     2
  Eat: Chunk             |     1 |     7 |    24 ||    32

Vault maps used:
D:1:      tarquinn_simple_flora_water_b
D:2:      first_bread
D:3:      zin_statuary, overflow_temple_1_default, uniq_natasha
D:4:      old_standard_altar, minmay_temple_entry_statues_fountains,
          hangedman_decor_slide_cut, cheibrodos_gnoll_hut
D:5:      serial_shops, shop, uniq_prince_ribbit1, uniq_blork_the_orc,
          uniq_edmund
D:6:      uniq_iyjb
D:7:      nicolae_dithmenos_through_a_glass_darkly, lightli_orcish_oven
D:9:      due_lair_maze_entry_diamond, serial_shops, shop, david_nohive_1
Temple:   nicolae_temple_god_jail
